 Dungeon Crawl Stone Soup version 0.30-a0-578-gdee14c521f (webtiles) character file.

Game seed: 4582570755751468388

1022 Newt the Ducker (level 8, -2/60 HPs)
             Began as a Demonspawn Gladiator on Dec 31, 2022.
             Killed from afar by an electric eel (8 damage)
             ... with a bolt of electricity
             ... on level 6 of the Dungeon.
             The game lasted 00:06:07 (4559 turns).

Newt the Ducker (Demonspawn Gladiator)              Turns: 4559, Time: 00:06:07

Health: -2/60      AC:  6    Str: 16    XL:     8   Next: 2%
Magic:  4/8        EV: 14    Int: 10    God:
Gold:   204        SH:  0    Dex: 19    Spells: 3/7 levels left

rFire   . . .      SeeInvis .    a - +0 rapier (elec)
rCold   . . .      Faith    .    (no shield)
rNeg    . . .      Spirit   .    b - +0 leather armour
rPois   .          Reflect  .    (helmet restricted)
rElec   .          Harm     .    (no cloak)
rCorr   .          Rampage  .    h - +1 pair of gloves
Will    .....                    x - +0 pair of boots
Stlth   +++++                    (no amulet)
HPRegen 0.30/turn                B - ring of wizardry
MPRegen 0.11/turn                (no ring)

@: lethally poisoned (-2 -> -5)
A: antennae 2, thin skeletal structure 2, foul stench 2
a: no special abilities


You were on level 6 of the Dungeon.
You visited 1 branch of the dungeon, and saw 6 of its levels.

You collected 204 gold pieces.

Inventory:

Hand Weapons
 a - a +0 rapier of electrocution (weapon)
Missiles
 d - 2 throwing nets (quivered)
 e - a javelin
 t - 2 silver boomerangs
 u - 9 poisoned darts
Armour
 b - a +0 leather armour (worn)
 c - a +0 helmet
 h - a +1 pair of gloves (worn)
 l - a +0 chain mail
 q - a +0 buckler
 x - a +0 pair of boots (worn)
Jewellery
 B - a ring of wizardry (left hand)
Wands
 p - a wand of polymorph (8)
 r - a wand of roots (10)
 y - a wand of paralysis (15)
Scrolls
 g - a scroll of brand weapon
 j - 2 scrolls of magic mapping
 m - a scroll of fog
 o - 3 scrolls of poison
 A - 2 scrolls of teleportation
Potions
 f - a potion of attraction
 i - a potion of lignification {unknown}
 k - a potion of heal wounds {unknown}
 n - 3 potions of curing
 s - a potion of haste {unknown}
 w - a potion of might {unknown}
 z - 2 potions of mutation {unknown}


   Skills:
 - Level 4.0 Fighting
 - Level 5.0 Short Blades
 - Level 1.7 Throwing
 - Level 5.0 Dodging
 - Level 4.0 Stealth
 + Level 3.4 Summonings


You had 3 spell levels left.
You knew the following spells:

 Your Spells              Type           Power      Damage    Failure   Level
a - Summon Small Mammal   Summ           24%        N/A       4%          1
b - Call Canine Familiar  Summ           6%         N/A       14%         3

Your spell library contained the following spells:

 Spells                   Type           Power      Damage    Failure   Level
 Slow                     Hex            0%         N/A       19%         1
 Summon Guardian Golem    Hex/Summ       3%         N/A       26%         3
 Confusing Touch          Hex            0%         N/A       45%         3
 Tukima's Dance           Hex            0%         N/A       45%         3
 Vampiric Draining        Necr           0%         2d6       45%         3
 Passage of Golubria      Tloc           0%         N/A       86%         4
 Yara's Violent Unravell  Hex/Tmut       0%         3d3       99%         5


Dungeon Overview and Level Annotations

Branches:
Dungeon (6/15)
 Temple: D:4-7

Altars:
Okawaru


Innate Abilities, Weirdness & Mutations

You have a pair of antennae on your head.
You have a moderately thin skeletal structure. (Dex +4, Stealth++)
You sometimes emit foul miasma when damaged in melee.


Message History

The black bear closely misses you. The black bear misses you.
The electric eel shoots out a bolt of lightning at you!
The bolt of electricity hits you! The wyvern bites you.
You emit a cloud of foul miasma!
The adder closely misses you.
Casting: Call Canine Familiar (dangerous; 14% risk of failure)
Confirm with . or Enter, or press ? or * to list all spells.
The black bear misses you. The black bear barely misses you. x2
The electric eel shoots out a bolt of lightning at you!
The bolt of electricity hits you!
The wyvern is engulfed in dark miasma.
The wyvern is poisoned.
The wyvern hisses menacingly.
The wyvern bites you!
* * * LOW HITPOINT WARNING * * *
The adder barely misses you.
You feel better.
The wyvern is engulfed in dark miasma.
The wyvern looks even sicker.
The wyvern seems to slow down.
The wyvern bites you!
* * * LOW HITPOINT WARNING * * *
Your hound bites the wyvern.
Your bat misses the black bear. The black bear barely misses you.
The black bear claws you but does no damage. x2
The adder bites you.
* * * LOW HITPOINT WARNING * * *
You are poisoned.
The adder poisons you!
The wyvern is engulfed in dark miasma.
The wyvern looks even sicker.
The wyvern seems to slow down.
The wyvern completely misses you.
Your hound bites the wyvern.
Your bat hits the wyvern but does no damage.
Read: scroll of summoning
Press: ? - help, Q - select action, (/) - cycle Dir - look around, f - activate
As you read the scroll of summoning, it crumbles to dust.
Wisps of shadow whirl around you...
You feel sick.
Your bat hits the black bear but does no damage.
The adder closely misses you.
The black bear barely misses your orc wizard.
The black bear closely misses your orc wizard. x2
The electric eel shoots out a bolt of lightning at you!
The bolt of electricity hits you!
You die...

... ...≈≈≈≈≈...≈#.#
..##≈.....≈.....≈#.#
+# #≈...."≈.....≈#.#
+..≈≈≈≈♣≈≈≈≈..'.#
#≈..(..≈.....≈###
#≈...b.≈.o...≈#
#≈..o≈≈≈≈≈o..≈#
#≈...hlho....≈#
#≈..5S@o.....≈#
#≈≈≈≈S≈≈≈≈≈≈≈≈#
###############


You could see a black bear (ally target), a wyvern (very poisoned, slow, ally
target), an electric eel, an adder, a friendly orc warrior (summoned), a
friendly hound (summoned), a friendly orc wizard (summoned, wandering), a
friendly white imp (summoned), 3 friendly orcs and a friendly bat (summoned).

Vanquished Creatures
  A water moccasin (D:5)
  An ogre (D:4)
  A scorpion (D:4)
  2 necrophages (D:5)
  2 howler monkeys (D:5)
  An orc priest (D:3)
  5 jellies (D:5)
  A hound (D:5)
  2 orc wizards
  Terence (D:3)
  3 iguanas
  Ijyb (D:3)
  4 gnolls (D:4)
  4 adders
  A worm (D:2)
  4 dart slugs
  11 orcs
  2 bats (D:1)
  5 endoplasms
  3 giant cockroaches
  5 hobgoblins
  6 jackals
  5 kobolds
  5 quokkas
  7 ball pythons
  6 frilled lizards
  12 goblins
  7 rats
108 creatures vanquished.

Vanquished Creatures (collateral kills)
  A dart slug (D:4)
1 creature vanquished.

Grand Total: 109 creatures vanquished

Notes
Turn   | Place    | Note
-------+----------+-------------------------------------------
     0 | D:1      | Newt the Demonspawn Gladiator began the quest for the Orb.
     0 | D:1      | Reached XP level 1. HP: 16/16 MP: 1/1
    58 | D:1      | Reached skill level 1 in Stealth
   167 | D:1      | Gained mutation: You have a pair of small antennae on your
                  | head. [demonic ancestry]
   167 | D:1      | Reached XP level 2. HP: 18/22 MP: 2/2
   901 | D:2      | Gained mutation: You have a somewhat thin skeletal
                  | structure. (Dex +2, Stealth+) [demonic ancestry]
   901 | D:2      | Reached XP level 3. HP: 23/28 MP: 3/3
  1351 | D:2      | Found the +4 dagger "Morg" {pain, Will+ Int+5}
  1485 | D:3      | Gained mutation: You may rarely emit foul miasma when
                  | damaged in melee. [demonic ancestry]
  1485 | D:3      | Reached XP level 4. HP: 32/37 MP: 4/4
  1932 | D:2      | Learned a level 1 spell: Summon Small Mammal
  1988 | D:3      | Gained mutation: You have a pair of antennae on your head.
                  | [demonic ancestry]
  1988 | D:3      | Reached XP level 5. HP: 20/42 MP: 5/5
  2162 | D:3      | Noticed Ijyb
  2174 | D:3      | Killed Ijyb
  2292 | D:3      | Noticed Terence
  2299 | D:3      | Killed Terence
  3044 | D:4      | Reached skill level 5 in Dodging
  3044 | D:4      | Gained mutation: You have a moderately thin skeletal
                  | structure. (Dex +4, Stealth++) [demonic ancestry]
  3044 | D:4      | Reached XP level 6. HP: 30/48 MP: 6/6
  3787 | D:5      | Entered Level 5 of the Dungeon
  3810 | D:5      | Gained mutation: You sometimes emit foul miasma when
                  | damaged in melee. [demonic ancestry]
  3810 | D:5      | Reached XP level 7. HP: 47/54 MP: 5/7
  3960 | D:5      | Reached skill level 5 in Short Blades
  4198 | D:5      | Identified the +3 leather armour of Xukurog {Dex+6}
  4324 | D:5      | Learned a level 3 spell: Call Canine Familiar
  4413 | D:5      | Found an iron altar of Okawaru.
  4545 | D:6      | Noticed a wyvern
  4549 | D:6      | Reached XP level 8. HP: 60/60 MP: 8/8
  4559 | D:6      | Killed from afar by an electric eel

Illustrated notes

Levels and vault maps discovered:
D:1:      co_arrival_square_in_a_square_in_a_square, layout_basic
D:2:      minmay_alternating_diamond, layout_rooms
D:3:      layout_rooms, uniq_ijyb, uniq_terence
D:4:      minmay_skewed_foursquare, layout_gridville, kennysheep_generic_room_13
D:5:      layout_basic, kennysheep_mini_moat
D:6:      layout_basic, kennysheep_slug_shrine, marbit_many_paths,
          minmay_temple_entry_poolview, kennysheep_generic_room_16

Skill      XL: |  1  2  3  4  5  6  7 |
---------------+----------------------+-----
Stealth        | 1 2 4 |  4.0
Fighting       | 3 4 |  4.0
Dodging        | 3 5 |  5.0
Summonings     | 2 3 |  3.4
Short Blades   | 4 5 |  5.0
Throwing       | |  1.7

Action                   |  1- 3 |  4- 6 |  7- 9 || total
-------------------------+-------+-------+-------++-------
Melee: Rapier            |   127 |   157 |    50 ||   334
       Punch             |       |     4 |     1 ||     5
Throw: Throwing net      |       |     3 |       ||     3
 Cast: Summon Small Mamm |       |     3 |     3 ||     6
       Call Canine Famil |       |       |     1 ||     1
  Use: Scroll            |     7 |     3 |     1 ||    11
       Potion            |     1 |       |     1 ||     2
 Stab: Sleeping          |     1 |     8 |     6 ||    15
       Held in net/web   |       |     1 |       ||     1
       Distracted        |       |     1 |       ||     1
Armor: Leather armour    |    22 |    39 |     5 ||    66
       Chain mail        |    33 |       |       ||    33
Dodge: Dodged            |    73 |   105 |    42 ||   220

Table legend: (Time is in decaauts)
 A = Elapsed time spent in this place.
 B = Non-inter-level travel time spent in this place.
 C = Inter-level travel time spent in this place.
 D = Time resting spent in this place.
 E = Time spent auto-exploring this place.
 F = Levels seen in this place.
 G = Mean time per level.
                   A        B        C        D        E       F      G
               +--------+--------+--------+--------+--------+-----+--------+
         Total |   4577 |   4446 |    131 |    811 |   2729 |   6 |  762.8 |
       Dungeon |   4577 |   4446 |    131 |    811 |   2729 |   6 |  762.8 |
               +--------+--------+--------+--------+--------+-----+--------+

Top non-repeatable levels by time:
     D:4: 1184 daAuts
     D:2: 988 daAuts
     D:3: 860 daAuts
     D:1: 774 daAuts
     D:5: 713 daAuts
     D:6: 55 daAuts
